 Dungeon Crawl Stone Soup version 0.30-a0-576-g89cddaab80 (webtiles) character file.

Game seed: 4372207114195870416

100 Shayle the Conjurer (level 4, -1/27 HPs)
             Began as a Tengu Reaver on Dec 30, 2022.
             Slain by an orc
             ... wielding a +0 falchion
              (2 damage)
             ... on level 3 of the Dungeon.
             The game lasted 00:03:42 (1661 turns).

Shayle the Conjurer (Tengu Reaver)                  Turns: 1661, Time: 00:03:43

Health: -1/27      AC:  4    Str:  9 (12) XL:     4   Next: 73%
Magic:  8/8        EV: 12    Int: 15 (16) God:
Gold:   69         SH:  0    Dex: 10 (12) Spells: 6/7 levels left

rFire   . . .      SeeInvis .    a - +0 short sword
rCold   . . .      Faith    .    (no shield)
rNeg    . . .      Spirit   .    b - +1 leather armour
rPois   .          Reflect  .    (helmet restricted)
rElec   .          Harm     .    (no cloak)
rCorr   .          Rampage  .    (no gloves)
Will    +....                    (boots unavailable)
Stlth   +                        (no amulet)
HPRegen 0.24/turn                (no ring)
MPRegen 0.11/turn                (no ring)

@: brilliant
A: beak, talons 3, strong-willed 1, screaming 1
a: no special abilities


You were on level 3 of the Dungeon.
You visited 1 branch of the dungeon, and saw 3 of its levels.

You collected 69 gold pieces.

Inventory:

Hand Weapons
 a - a +0 short sword (weapon)
Armour
 b - a +1 leather armour (worn)
Scrolls
 c - a scroll of immolation {unknown}
 d - a scroll of vulnerability {unknown}
 e - 4 scrolls of enchant armour
 f - a scroll of identify {unknown}
 g - a scroll of torment {unknown}
 h - a scroll of amnesia {unknown}
 i - a scroll of blinking {unknown}
 n - a scroll of brand weapon {unknown}
Potions
 k - a potion of haste


   Skills:
 + Level 2.9 Fighting
 - Level 3.2 Short Blades
 + Level 3.2 Dodging
 - Level 2.0 Spellcasting
 - Level 4.0 Conjurations
 + Level 2.0 Necromancy
 + Level 1.3 Earth Magic


You had 6 spell levels left.
You knew the following spells:

 Your Spells              Type           Power      Damage    Failure   Level
a - Kiss of Death         Conj/Necr      60%        2d10      9%          1

Your spell library contained the following spells:

 Spells                   Type           Power      Damage    Failure   Level
 Momentum Strike          Conj/Tloc      22%        3d8       21%         2
 Hailstorm                Conj/Ice       11%        3d5       38%         3


Dungeon Overview and Level Annotations

Branches:
Dungeon (3/15)

Altars:
Qazlal
Uskayaw


Innate Abilities, Weirdness & Mutations

You have a beak for a mouth.
You have claws for feet.
You are strong-willed. (Will+)
You occasionally shout uncontrollably at your foes.


Message History

You kill the hobgoblin!
Things that are here:
a +0 dagger; a +0 club; an orc corpse
Items here: )) ††.
Okay, then.
Things that are here:
a +0 dagger; a +0 club; an orc corpse You see here a hobgoblin corpse.
There is a stone staircase leading up here.
o - a glowing sapphire potion
e - 4 scrolls of enchant armour (gained 3)
An orc comes into view. It is wielding a +0 falchion.
The orc shouts!
You hear a shout!
An orc comes into view. It is wielding a +0 flail.
An orc priest comes into view. It is wielding a +0 flail.
Found 7 stones.
The orc priest shouts!
The orc priest invokes the aid of Beogh against you.
Beogh smites you!
Okay, then.
The orc attacks as you move away! The orc barely misses you.
The orc priest calls down the wrath of Beogh upon you.
Beogh smites you!
Ouch! That really hurt!
* * * LOW HITPOINT WARNING * * *
The orc attacks as you move away! The orc closely misses you.
It was a potion of mutation.
You feel extremely strange.
You feel strong-willed.
You feel the urge to shout. The orc barely misses you.
It was a potion of brilliance.
You feel clever all of a sudden. The orc hits you with a +0 falchion.
* * * LOW HITPOINT WARNING * * *
It was a potion of degeneration.
There was something very wrong with that liquid.
You feel weakened.
You feel dopey.
You feel clumsy. The orc misses you.
This is a scroll of acquirement!
Something appears before you! The orc hits you with a +0 falchion.
You die...

..#########
#..o..o.oo#
#(#######o# #@# .
#.# ### .## #.#
... ... #.# #.#
#.# #.# #.# #.#
#.# #.# #.# #.#
#####.###.#### #.#
#........<...###.#


You could see an orc priest and 2 orcs.

Vanquished Creatures
  4 gnolls (D:2)
  2 adders (D:2)
  3 orcs (D:3)
  2 ball pythons
  An endoplasm (D:1)
  6 hobgoblins
  6 kobolds
  3 quokkas
  6 bats
  2 frilled lizards
  3 goblins
  2 rats
40 creatures vanquished.

Notes
Turn   | Place    | Note
-------+----------+-------------------------------------------
     0 | D:1      | Shayle the Tengu Reaver began the quest for the Orb.
     0 | D:1      | Reached XP level 1. HP: 12/12 MP: 4/4
   234 | D:1      | Reached XP level 2. HP: 17/17 MP: 6/6
   595 | D:2      | Reached skill level 1 in Necromancy
   684 | D:2      | Reached XP level 3. HP: 22/22 MP: 7/7
   748 | D:2      | Reached skill level 1 in Earth Magic
   817 | D:2      | Reached XP level 4. HP: 19/27 MP: 8/8
  1430 | D:3      | Found a faded altar of an unknown god.
  1436 | D:3      | Found a stormy altar of Qazlal.
  1514 | D:3      | Found a hide-covered altar of Uskayaw.
  1658 | D:3      | Gained mutation: You are strong-willed. (Will+) [potion of
                  | mutation]
  1658 | D:3      | Gained mutation: You occasionally shout uncontrollably at
                  | your foes. [potion of mutation]
  1659 | D:3      | HP: 1/27 [orc/+0 falchion (2)]
  1661 | D:3      | Identified a scroll of acquirement
  1661 | D:3      | Acquired the +8 war axe of Pojor {flame, rPois rC+ Dex+4}
  1661 | D:3      | Slain by an orc

Illustrated notes

Levels and vault maps discovered:
D:1:      amcnicky_arrival_flooded_fountain, layout_basic
D:2:      layout_loops_ring
D:3:      layout_loops_ring, nicolae_uskayaw_murder_on_the_dancefloor,
          mainiacjoe_overflow_alcove_4, nicolae_overflow_ecumenical_swirl

Skill      XL: |  1  2  3  4 |
---------------+-------------+-----
Necromancy     | 1 2 |  2.0
Earth Magic    | 1 |  1.3
Dodging        | 3 |  3.2
Fighting       | |  2.9
Short Blades   | |  3.2
Spellcasting   | |  2.0
Conjurations   | |  4.0

Action                   |  1- 3 |  4- 6 || total
-------------------------+-------+-------++-------
Melee: Short sword       |    89 |    53 ||   142
       Kick              |    19 |    15 ||    34
       Peck              |    12 |     8 ||    20
  Use: Potion            |     1 |     3 ||     4
       Scroll            |       |     2 ||     2
 Stab: Sleeping          |     1 |       ||     1
Armor: Leather armour    |    18 |     9 ||    27
Dodge: Dodged            |    56 |    33 ||    89

Table legend: (Time is in decaauts)
 A = Elapsed time spent in this place.
 B = Non-inter-level travel time spent in this place.
 C = Inter-level travel time spent in this place.
 D = Time resting spent in this place.
 E = Time spent auto-exploring this place.
 F = Levels seen in this place.
 G = Mean time per level.
                   A        B        C        D        E       F      G
               +--------+--------+--------+--------+--------+-----+--------+
         Total |   1621 |   1595 |     26 |     46 |   1178 |   3 |  540.3 |
       Dungeon |   1621 |   1595 |     26 |     46 |   1178 |   3 |  540.3 |
               +--------+--------+--------+--------+--------+-----+--------+

Top non-repeatable levels by time:
     D:2: 774 daAuts
     D:1: 576 daAuts
     D:3: 270 daAuts
